 Dungeon Crawl Stone Soup version 0.30.1-4-g462c640d31 (webtiles) character file.

Game seed: 12311864849707916304

812 monsoonserge the Cleaver (level 7, -2/61 HPs)
             Began as a Hill Orc Fighter on Aug 18, 2023.
             Killed from afar by a kobold (15 damage)
             ... with a bolt of acid
             ... on level 4 of the Dungeon.
             The game lasted 00:06:41 (3414 turns).

monsoonserge the Cleaver (Hill Orc Fighter)         Turns: 3414, Time: 00:06:41

Health: -2/61      AC:  0    Str: 21    XL:     7   Next: 93%
Magic:  7/7        EV: 10    Int:  8    God:
Gold:   209        SH:  4    Dex: 10    Spells: 6/6 levels left

rFire   . . .        a - +0 war axe
rCold   . . .        c - +0 buckler
rNeg    . . .        y - +1 ring mail {rPois}
rPois   +            (no helmet)
rElec   .            u - +0 cloak
rCorr   .            (no gloves)
SInv    .            (no boots)
Will    .....        (no amulet) Stlth
                     (no ring)
HPRegen 0.30/turn    (no ring)
MPRegen 0.10/turn

%: no passive effects
@: corroded
A: no striking features
a: no special abilities


You were on level 4 of the Dungeon.
You visited 1 branch of the dungeon, and saw 4 of its levels.

You collected 209 gold pieces.

Inventory:

Hand Weapons
 a - a +0 war axe (weapon)
 e - a +0 dagger
Missiles
 l - 3 silver javelins
 m - 6 boomerangs (quivered)
 p - 2 atropa-tipped darts
 q - a throwing net
Armour
 c - a +0 buckler (worn)
 u - a +0 cloak (worn)
 y - a +1 ring mail of poison resistance (worn)
Jewellery
 d - a +6 ring of intelligence
Wands
 x - a wand of iceblast (6)
Scrolls
 b - a scroll of brand weapon {unknown}
 g - 3 scrolls of poison {unknown}
 j - 2 scrolls of magic mapping {unknown}
 k - 2 scrolls of amnesia {unknown}
 n - 2 scrolls of teleportation {unknown}
 s - 2 scrolls of identify {unknown}
 v - a scroll of immolation {unknown}
 w - a scroll of acquirement {unknown}
 A - a scroll of vulnerability {unknown}
Potions
 f - 3 potions of haste {unknown}
 h - 2 potions of curing {unknown}
 i - a potion of brilliance
 o - a potion of mutation {unknown}
 r - 4 potions of lignification {unknown}
 t - a potion of ambrosia {unknown}
 z - a potion of berserk rage {unknown}
 B - a potion of flight {unknown}
 C - a potion of invisibility {unknown}
 D - a potion of magic {unknown}


   Skills:
 + Level 5.0 Fighting
 + Level 8.3 Axes
 + Level 5.7 Armour
 + Level 1.6 Dodging
 - Level 4.0 Shields


You had 6 spell levels left.
You didn't know any spells.
Your spell library was empty.

Dungeon Overview and Level Annotations

Branches:
Dungeon (4/15)
 Temple: D:4-7

Altars:
Hepliaklqana
Makhleb

Shops:
D:4 =


Message History

You kill the bat!
The bat's corpse disappears in a puff of smoke!
Eustachio gestures wildly while chanting.
Eustachio blinks!
The rat attacks as you move away! The rat closely misses you.
The rat bites you but does no damage.
There is a burning altar of Makhleb here.
You slash Eustachio!
You kill Eustachio!
The rat disappears in a puff of smoke! x2
Your Fighting skill increases to level 5!
Your Axes skill increases to level 8!
Things that are here:
a +0 rapier; a +0 leather armour You now have 209 gold pieces (gained 17).
There are no items here.
Found an escape hatch in the ceiling.
Found a stone staircase leading down.
D - a viscous white potion
There are no items here.
There is a stone staircase leading down here.
A kobold comes into view.
It is wielding a +0 short sword and carrying a wand of acid (9).
The kobold shouts!
The kobold zaps a wand.
The bolt of acid hits you! The acid corrodes you!
The kobold zaps a wand.
The bolt of acid hits you! The acid corrodes you!
You closely miss the kobold. The kobold closely misses you.
You hit the kobold.
The kobold is severely wounded.
The kobold hits you with a +0 short sword.
You hit the kobold but do no damage.
The kobold is severely wounded.
The kobold hits you with a +0 short sword.
You hit the kobold but do no damage.
The kobold is severely wounded.
The kobold zaps a wand.
The bolt of acid hits you!!
* * * LOW HITPOINT WARNING * * *
You closely miss the kobold.
The kobold is severely wounded.
The kobold zaps a wand.
The bolt of acid hits you!
You die...

#.##># # .....# #.######
#..#####......###########
..............<##.......#
................#.#####.#
##.#.####.####..#>#####.####
...#.##.....##.............#
####.#.......#.#..#####.##.#
#.#....)..#.K@..........# #
#....._.....#########.### #
#.#.......#.# #.#
####.#.......#... #.#
##...##.....##.#.# #.#
##.#.####.####.#... #.#
............ ..# ... ###.###
.....##.##.#.... ...#.....#
.....##.##.#.###
...#.....###


You could see a kobold.

Vanquished Creatures
  Grinder (D:3)
  Eustachio (D:4)
  A phantom (D:4)
  A scorpion (D:4)
  A jelly (D:4)
  Crazy Yiuf (D:2)
  Ijyb (D:3)
  Jessica (D:3)
  Natasha (thrice) (D:2)
  4 gnolls (D:2)
  4 adders
  2 worms
  A dart slug (D:3)
  3 orcs (D:3)
  8 endoplasms
  3 giant cockroaches
  8 goblins
  9 hobgoblins
  3 jackals (D:2)
  4 quokkas
  4 ball pythons
  9 bats
  2 frilled lizards
  3 kobolds
  3 rats
81 creatures vanquished.

Notes
Turn   | Place    | Note
-------+----------+-------------------------------------------
     0 | D:1      | monsoonserge the Hill Orc Fighter began the quest for the
                  | Orb.
     0 | D:1      | Reached XP level 1. HP: 19/19 MP: 1/1
   101 | D:1      | Reached skill level 3 in Axes
   116 | D:1      | Reached XP level 2. HP: 26/27 MP: 2/2
   625 | D:1      | Reached XP level 3. HP: 29/33 MP: 3/3
   865 | D:2      | Found a runed translucent door.
   866 | D:2      | Noticed Crazy Yiuf
   906 | D:2      | Reached skill level 4 in Axes
  1129 | D:2      | Reached XP level 4. HP: 37/40 MP: 4/4
  1141 | D:2      | Reached skill level 5 in Axes
  1314 | D:2      | Noticed Natasha
  1332 | D:2      | Killed Natasha
  1333 | D:2      | Reached XP level 5. HP: 35/46 MP: 5/5
  1662 | D:2      | Noticed Natasha
  1669 | D:2      | Killed Natasha
  1694 | D:2      | Noticed Natasha
  1706 | D:2      | Killed Natasha
  1811 | D:2      | Killed Crazy Yiuf
  2131 | D:3      | Noticed Ijyb
  2138 | D:3      | Killed Ijyb
  2139 | D:3      | Reached XP level 6. HP: 44/52 MP: 6/6
  2143 | D:3      | Reached skill level 6 in Axes
  2200 | D:3      | Reached skill level 1 in Dodging
  2551 | D:3      | Found a hazy altar of Hepliaklqana.
  2674 | D:3      | Noticed Grinder
  2675 | D:3      | Paralysed by Grinder for 5 turns
  2702 | D:3      | Noticed Jessica
  2714 | D:3      | Killed Jessica
  2716 | D:3      | Killed Grinder
  2717 | D:3      | Reached skill level 7 in Axes
  2717 | D:3      | Reached skill level 5 in Armour
  2717 | D:3      | Reached XP level 7. HP: 12/60 MP: 7/7
  3207 | D:4      | Found Yfawen's Jewellery Shoppe.
  3229 | D:4      | Found a burning altar of Makhleb.
  3232 | D:4      | Noticed Eustachio
  3261 | D:4      | Killed Eustachio
  3262 | D:4      | Reached skill level 5 in Fighting
  3262 | D:4      | Reached skill level 8 in Axes
  3414 | D:4      | Killed from afar by a kobold

Illustrated notes

Levels and vault maps discovered:
D:1:      minmay_arrival_plants_in_alcoves, layout_basic
D:2:      layout_loops_ring, uniq_crazy_yiuf_cottage, uniq_natasha
D:3:      layout_loops_ring, nicolae_hepliaklqana_hippocampus,
          nicolae_underground_beach, uniq_grinder, uniq_ijyb, uniq_jessica
D:4:      layout_loops_cross, old_standard_altar, serial_shops, shop,
          uniq_eustachio

Skill      XL: |  1  2  3  4  5  6  7 |
---------------+----------------------+-----
Axes           | 3 4 5 7 8 |  8.3
Fighting       | 4 5 |  5.0
Armour         | 4 5 |  5.7
Dodging        | 1 |  1.6
Shields        | 4 |  4.0

Action                     |  1- 3 |  4- 6 |  7- 9 || total
---------------------------+-------+-------+-------++-------
  Melee: War axe           |   109 |   126 |    54 ||   289
    Use: Potion            |       |     1 |       ||     1
 Armour: Scale mail        |    58 |    32 |       ||    90
         Ring mail         |       |    16 |    31 ||    47
  Dodge: Dodged            |    75 |    53 |    37 ||   165
  Block: Buckler           |    27 |    19 |    12 ||    58
